[Event "Titled Tuesday Blitz November 07 Late 2023"]
[White "Rastbod, Ali"]
[Black "Deac, Bogdan-Daniel"]
[WhiteFideId "12567477"]
[BlackFideId "1226380"]
[WhiteElo "2762"]
[BlackElo "2989"]
[Result "1/2-1/2"]
[Round "8"]
[TimeControl "180+1"]
[Date "2023.11.07"]
[WhiteClock "0:00:03"]
[BlackClock "0:00:04"]
[Board "8"]

1. c4 Nf6 2. Nc3 g6 3. g3 Bg7 4. Bg2 O-O 5. Nf3 d6 6. O-O e5 7. d4 Nc6 8. dxe5 dxe5 9. Bg5 Be6 10. Qa4 Qc8 11. Nd2 Nd7 12. Bxc6 Nb6 13. Qb5 bxc6 14. Qxc6 f6 15. Be3 Rf7 16. Rfd1 Qe8 17. Qxe8+ Rxe8 18. b3 f5 19. Nf3 h6 20. Rac1 g5 21. Nb5 f4 22. Bc5 Bg4 23. Kg2 e4 24. Ng1 f3+ 25. exf3 exf3+ 26. Kf1 h5 27. Re1 Ra8 28. Re3 Nd7 29. Bd4 c6 30. Bxg7 Rxg7 31. Nd4 c5 32. Ndxf3 Rf8 33. h3 Bf5 34. h4 gxh4 35. Nxh4 Bg4 36. Rce1 Nf6 37. Kg2 Rd8 38. Ngf3 a5 39. Re5 a4 40. Rxc5 axb3 41. axb3 Rd3 42. Re3 Rxe3 43. fxe3 Ra7 44. Ne5 Ra2+ 45. Kf1 Ne4 46. Nxg4 Nxc5 47. Nf6+ Kf7 48. Nxh5 Nxb3 49. g4 Nd2+ 50. Kf2 Nxc4+ 51. Kf3 Rh2 52. Nf5 Ne5+ 53. Kf4 Ng6+ 54. Kg5 Nf8 55. Nf4 Ra2 56. Nh6+ Kg7 57. Nh5+ Kh7 58. Nf5 Ne6+ 59. Kf6 Nf8 60. e4 Nd7+ 61. Ke6 Nc5+ 62. Kd5 Nd3 63. g5 Ra5+ 64. Kd4 Ne5 65. Nh4 Nc6+ 66. Ke3 Rxg5 67. Nf4 Ne5 68. Nf5 Rg1 69. Nd5 Ng4+ 70. Kf4 Nh2 71. Nf6+ Kh8 72. Nd5 Rg6 73. Nfe7 Rg7 74. Nf5 Rg8 75. Nf6 Rg1 76. e5 Rf1+ 77. Ke4 Re1+ 78. Kd5 Nf3 79. Nd7 Nxe5 80. Nxe5 Rxe5+ 81. Kxe5 1/2-1/2


[Site "https://www.chess.com"]

[Event "Titled Tuesday Blitz November 07 Late 2023"]
[White "Elsa167"]
[Black "Salinas Herrera, Pablo"]
[BlackFideId "3407128"]
[WhiteElo "2979"]
[BlackElo "2898"]
[Result "0-1"]
[Round "8"]
[TimeControl "180+1"]
[Date "2023.11.07"]
[WhiteClock "0:00:00"]
[BlackClock "0:00:06"]
[Board "9"]

1. d4 d5 2. c4 e6 3. Nf3 Nf6 4. Nc3 c6 5. Bg5 Nbd7 6. cxd5 exd5 7. Qc2 Be7 8. e3 h6 9. Bh4 Nf8 10. Bd3 Ne6 11. Ne5 Nd7 12. Bxe7 Qxe7 13. f4 Nxe5 14. fxe5 O-O 15. O-O Bd7 16. Qf2 Qg5 17. h4 Qh5 18. Qg3 Kh8 19. Rf2 c5 20. Ne2 a6 21. Raf1 Bb5 22. Rf5 Bxd3 23. Rxh5 Bxe2 24. Rhf5 Bxf1 25. Rxf1 cxd4 26. exd4 Nxd4 27. Qd3 Ne6 28. Qxd5 Rab8 29. Rf3 Kg8 30. Kh2 Rfd8 31. Qa5 Rd4 32. g3 Rbd8 33. Rf2 R4d5 34. Qb4 R8d7 35. Qc3 Rc5 36. Qb3 Rxe5 37. Qc3 Rc5 38. Qf3 Rcd5 39. a3 a5 40. Qb3 h5 41. Qc2 g6 42. Qc3 a4 43. Kh3 b5 44. Qf6 Rd3 45. Re2 R3d6 46. Rc2 Ng7 47. Rc8+ Kh7 48. Qf4 Nf5 49. Qe5 Ng7 50. Qxb5 Ne6 51. Qe5 Ng7 52. Ra8 Re6 53. Qb8 Re8 54. Qxe8 Nxe8 55. Rxe8 Rd2 56. Rb8 Kg7 57. Rb4 Kh6 58. Rb7 f6 59. g4 Rd3+ 60. Kg2 hxg4 61. Ra7 f5 62. Kf2 Rd2+ 63. Kg3 Rxb2 64. Kf4 Rb3 65. Rxa4 Rf3+ 66. Ke5 g3 67. Kf6 g2 68. Ra7 g1=Q 69. Ra8 Qd4+ 0-1


[Site "https://www.chess.com"]

[Event "Titled Tuesday Blitz November 07 Late 2023"]
[White "Kozak, Antoni"]
[Black "Matlakov, Maxim"]
[WhiteFideId "21832030"]
[BlackFideId "4168003"]
[WhiteElo "2813"]
[BlackElo "2973"]
[Result "1-0"]
[Round "8"]
[TimeControl "180+1"]
[Date "2023.11.07"]
[WhiteClock "0:00:07"]
[BlackClock "0:00:18"]
[Board "10"]

1. Nf3 Nf6 2. c4 d6 3. g3 e5 4. Bg2 g6 5. O-O Bg7 6. Nc3 O-O 7. Rb1 a5 8. a3 Re8 9. b4 axb4 10. axb4 e4 11. Ne1 h5 12. Bb2 h4 13. Nc2 hxg3 14. fxg3 Nbd7 15. Ne3 c6 16. Rf4 Bh6 17. Nxe4 Bxf4 18. Nxf6+ Nxf6 19. gxf4 Ng4 20. Qc2 Rxe3 21. dxe3 Qh4 22. Qc3 f6 23. h3 Qf2+ 24. Kh1 Nxe3 25. Rg1 Ra2 26. Qxf6 Rxb2 27. Bd5+ Nxd5 28. Rxg6+ Kh7 29. Qg7# 1-0


[Site "https://www.chess.com"]

[Event "Titled Tuesday Blitz November 07 Late 2023"]
[White "Aravindh, Chithambaram VR."]
[Black "Remolar Gallen, Jose"]
[WhiteFideId "5072786"]
[BlackFideId "2215187"]
[WhiteElo "2940"]
[BlackElo "2540"]
[Result "1-0"]
[Round "8"]
[TimeControl "180+1"]
[Date "2023.11.07"]
[WhiteClock "0:00:08"]
[BlackClock "0:00:05"]
[Board "11"]

1. b3 e5 2. Bb2 Nc6 3. c4 Nf6 4. Nf3 e4 5. Nd4 d5 6. cxd5 Qxd5 7. Nxc6 Qxc6 8. Nc3 Be7 9. e3 O-O 10. Be2 Bf5 11. O-O Rad8 12. Rc1 Qd7 13. Nb5 Qxd2 14. Bd4 Qxd1 15. Rfxd1 c6 16. Nxa7 Ra8 17. a4 Be6 18. Bc4 Nd5 19. a5 c5 20. Be5 Rfd8 21. Nb5 Rxa5 22. Rd2 Raa8 23. Rcd1 Nb6 24. Bxe6 fxe6 25. Bd6 Kf7 26. Bxe7 Kxe7 27. Nd6 Rd7 28. g4 Rad8 29. Nxe4 c4 30. bxc4 Nxc4 31. Rxd7+ Rxd7 32. Rb1 Nd6 33. Ng3 Rc7 34. Ne2 b5 35. Nd4 Rb7 36. f4 Kd7 37. Kg2 b4 38. Kf3 Nc4 39. Ke2 Kd6 40. Kd3 Na3 41. Rb3 e5 42. Nf5+ Kd5 43. Ng3 exf4 44. exf4 Nc4 45. Nf5 Na5 46. Ne3+ Kc5 47. Rb1 Rd7+ 48. Ke4 Kb5 49. f5 Nc6 50. g5 Rd4+ 51. Kf3 Ka4 52. f6 gxf6 53. gxf6 Rd7 54. Ke4 Rf7 55. Nd5 b3 56. Kf5 Ka3 57. Ke6 Rf8 58. Ne7 Nxe7 59. fxe7 Rb8 60. Kf7 Ka2 61. Re1 b2 62. e8=Q Rxe8 63. Rxe8 b1=Q 64. Ra8+ Kb2 65. Rb8+ Kc2 66. Rxb1 Kxb1 67. h4 Kc2 68. Kg7 h5 69. Kg6 Kd3 70. Kxh5 Ke4 71. Kg6 Kf4 72. h5 1-0


[Site "https://www.chess.com"]

[Event "Titled Tuesday Blitz November 07 Late 2023"]
[White "Maksimovic, Bojan"]
[Black "Indjic, Aleksandar"]
[WhiteFideId "14408120"]
[BlackFideId "911925"]
[WhiteElo "2744"]
[BlackElo "2921"]
[Result "1/2-1/2"]
[Round "8"]
[TimeControl "180+1"]
[Date "2023.11.07"]
[WhiteClock "0:00:25"]
[BlackClock "0:00:32"]
[Board "12"]

1. Nf3 d5 2. g3 Bg4 3. Bg2 e6 4. h3 Bh5 5. O-O c6 6. d4 Nd7 7. c4 Bxf3 8. Bxf3 f5 9. Nc3 Ngf6 10. Qc2 Bd6 11. cxd5 cxd5 12. Bg5 O-O 13. Rac1 a6 14. e3 h6 15. Bxf6 Nxf6 16. Qb3 b5 17. a4 b4 18. Ne2 g5 19. Rc6 h5 20. Bg2 a5 21. Qd3 Ra7 22. Rfc1 Qe7 23. f4 gxf4 24. gxf4 Kh7 25. Kh2 Rb7 26. Bf3 Rc7 27. Rxc7 Bxc7 28. Rg1 h4 29. Rg5 Ne4 30. Rg2 Nd6 31. b3 Rg8 32. Rxg8 Kxg8 33. Qa6 Bd8 34. Qc6 Qc7 35. Qxc7 Bxc7 36. Nc1 Ne4 37. Kg2 Nd2 38. Kf2 Bd6 39. Ke2 Ne4 40. Nd3 Nf6 41. Kd2 Kf7 42. Ke2 1/2-1/2


[Site "https://www.chess.com"]

[Event "Titled Tuesday Blitz November 07 Late 2023"]
[White "Pranav, V"]
[Black "Goltsev, Dmitry"]
[WhiteFideId "25060783"]
[BlackFideId "24176710"]
[WhiteElo "3057"]
[BlackElo "2743"]
[Result "1-0"]
[Round "8"]
[TimeControl "180+1"]
[Date "2023.11.07"]
[WhiteClock "0:01:32"]
[BlackClock "0:00:00"]
[Board "13"]

1. Nf3 d5 2. g3 c6 3. Bg2 Nf6 4. O-O g6 5. d3 Bg7 6. Nbd2 O-O 7. e4 dxe4 8. dxe4 Nbd7 9. Qe2 e5 10. Rd1 Qe7 11. b3 b6 12. a4 a5 13. Ba3 Nc5 14. Qe3 Ba6 15. Bxc5 bxc5 16. Bf1 Bxf1 17. Rxf1 Ng4 18. Qe2 f5 19. Nc4 f4 20. Rad1 h5 21. Rd3 Rf7 22. Nh4 Kh7 23. Rd6 Bf6 24. Nf3 Raf8 25. Rxc6 fxg3 26. fxg3 Qd7 27. Rd6 Qc7 28. Rd5 Qe7 29. Nd6 Rg7 30. h3 Nh6 31. Qd3 g5 32. Ne1 g4 33. h4 Bxh4 34. Rxf8 Qxf8 35. gxh4 g3 36. Qf3 Qb8 37. Nf5 Qb4 38. Nd3 Qd2 39. Nxg7 Qh2+ 40. Kf1 Ng4 41. Qf5+ Kh6 42. Rd6+ Kxg7 43. Rd7+ Kg8 44. Qg6+ 1-0


[Site "https://www.chess.com"]

[Event "Titled Tuesday Blitz November 07 Late 2023"]
[White "Pakleza, Zbigniew"]
[Black "Paravyan, David"]
[WhiteFideId "1119290"]
[BlackFideId "4194985"]
[WhiteElo "2717"]
[BlackElo "3038"]
[Result "1/2-1/2"]
[Round "8"]
[TimeControl "180+1"]
[Date "2023.11.07"]
[WhiteClock "0:00:33"]
[BlackClock "0:01:29"]
[Board "14"]

1. d4 Nf6 2. Nf3 d5 3. Bf4 c5 4. c3 Nc6 5. Nbd2 cxd4 6. cxd4 Bf5 7. e3 e6 8. Qb3 Qb6 9. Qxb6 axb6 10. Bb5 Be7 11. Ke2 O-O 12. Rhc1 Rfc8 13. a3 Ne8 14. Ne5 Nxe5 15. Bxe5 Nd6 16. Bxd6 Bxd6 17. h3 Kf8 18. Bd3 Bxd3+ 19. Kxd3 Ke7 20. Nb3 Kd7 21. Rxc8 Rxc8 22. Rc1 Rc6 23. Rc3 h5 24. g4 hxg4 25. hxg4 g6 26. f3 f5 27. gxf5 gxf5 28. f4 Kc7 29. Nd2 b5 30. b4 Kd7 31. Rxc6 bxc6 32. Nf3 Ke7 33. Ke2 Kf6 34. Kf2 Bc7 35. Kg3 Kg6 36. Kh3 Bd6 37. Ne1 Be7 38. Nd3 Bf6 39. Kg3 Kf7 40. Kh3 Ke7 41. Nc5 Kd6 42. Nd3 Bg7 43. Nc5 Bf6 44. Nd3 Bd8 45. Kg3 Be7 46. Kh3 Bf6 47. Nc5 Ke7 48. Nd3 Kf7 49. Kg3 Ke8 50. Kh3 Ke7 51. Kg3 Kd6 52. Kh3 1/2-1/2


[Site "https://www.chess.com"]

[Event "Titled Tuesday Blitz November 07 Late 2023"]
[White "Zeltsan, Joseph"]
[Black "Ibarra Jerez, Jose Carlos"]
[WhiteFideId "30932980"]
[BlackFideId "2226332"]
[WhiteElo "2693"]
[BlackElo "3000"]
[Result "0-1"]
[Round "8"]
[TimeControl "180+1"]
[Date "2023.11.07"]
[WhiteClock "0:00:16"]
[BlackClock "0:00:07"]
[Board "15"]

1. e4 c5 2. Nf3 Nc6 3. Bb5 e6 4. O-O Nge7 5. Re1 Nd4 6. Nxd4 cxd4 7. c3 a6 8. Bf1 Nc6 9. cxd4 Nxd4 10. Nc3 Bc5 11. d3 O-O 12. Be3 d6 13. Rc1 e5 14. Kh1 Be6 15. f4 exf4 16. Bxf4 b5 17. Be3 Qb6 18. Qd2 f5 19. exf5 Bxf5 20. Nd5 Qb7 21. Ne7+ Qxe7 22. Bxd4 Qf7 23. Bxc5 dxc5 24. Rxc5 Be6 25. Be2 Bd5 26. Rxd5 Qxd5 27. Bf3 Rxf3 28. gxf3 Qxf3+ 29. Qg2 Qf8 30. Rf1 Qe8 31. Qd5+ Kh8 32. Kg2 Rd8 33. Qe4 Qd7 34. d4 h6 35. Rf4 Qd6 36. d5 Qc5 37. Rf5 Qc1 38. Qe5 Qc2+ 39. Rf2 Qg6+ 40. Kh1 Re8 41. Qg3 Qe4+ 42. Qf3 Qb1+ 43. Kg2 Qxa2 44. d6 Qe6 45. Qc6 Qg6+ 46. Kf1 Qd3+ 47. Kg2 Qg6+ 48. Kf1 Rd8 49. Rd2 Rf8+ 50. Ke2 Qg4+ 51. Kd3 Rf3+ 52. Kc2 Qf5+ 53. Kd1 Rf1+ 54. Ke2 Rf2+ 55. Kd1 Qb1+ 56. Qc1 Rf1+ 57. Ke2 Qxc1 58. d7 Qe1+ 59. Kd3 Rf8 0-1


[Site "https://www.chess.com"]

[Event "Titled Tuesday Blitz November 07 Late 2023"]
[White "Hong, Andrew"]
[Black "Giroyan, Gary"]
[WhiteFideId "2099438"]
[BlackFideId "680281"]
[WhiteElo "2972"]
[BlackElo "2691"]
[Result "1-0"]
[Round "8"]
[TimeControl "180+1"]
[Date "2023.11.07"]
[WhiteClock "0:00:22"]
[BlackClock "0:00:11"]
[Board "16"]

1. d4 Nf6 2. Nf3 d5 3. c4 e6 4. g3 dxc4 5. Bg2 Nbd7 6. O-O c6 7. a4 b6 8. Ne5 Nxe5 9. dxe5 Nd5 10. Qc2 Ba6 11. Nd2 c3 12. Ne4 Be7 13. bxc3 O-O 14. Rd1 Qc7 15. Nd6 Rad8 16. e4 Nf6 17. exf6 Bxd6 18. fxg7 Kxg7 19. Be3 Bc4 20. Qd2 Be5 21. Bh6+ Kh8 22. Qe3 Rxd1+ 23. Rxd1 Rd8 24. Rc1 Qe7 25. h4 Rd3 26. Qe1 Rd7 27. Bf1 Bxf1 28. Qxf1 Bg7 29. Bg5 Qc5 30. Qa6 h6 31. Qc8+ Kh7 32. Qxd7 hxg5 33. Qxf7 gxh4 34. Kg2 Qe5 35. Kf3 b5 36. Rh1 Qf6+ 37. Qxf6 Bxf6 38. axb5 cxb5 39. Ra1 hxg3 40. Rxa7+ Kg6 41. Kxg3 Bxc3 42. f4 b4 43. Rb7 Kf6 44. Kf3 Kg6 45. e5 Kf5 46. Rf7+ Kg6 47. Rf6+ Kg7 48. Rxe6 b3 49. Rb6 b2 50. Ke4 Kf7 51. f5 Ke7 52. Kd5 Kd7 53. f6 Kc7 54. Rb3 Kd7 55. e6+ Kd8 56. e7+ Kd7 57. Rb7+ Kc8 58. Kc6 1-0


[Site "https://www.chess.com"]

[Event "Titled Tuesday Blitz November 07 Late 2023"]
[White "Makhnev, Denis"]
[Black "reevecanada"]
[WhiteFideId "13707647"]
[WhiteElo "2952"]
[BlackElo "2655"]
[Result "1-0"]
[Round "8"]
[TimeControl "180+1"]
[Date "2023.11.07"]
[WhiteClock "0:00:06"]
[BlackClock "0:00:06"]
[Board "17"]

1. d4 Nf6 2. Nf3 g6 3. Nbd2 Bg7 4. e4 O-O 5. Bd3 d6 6. O-O Nbd7 7. c3 c5 8. d5 b6 9. h3 Bb7 10. c4 a6 11. a4 Ne8 12. Qc2 Nc7 13. Rb1 e5 14. Re1 Kh8 15. Nf1 f6 16. Ng3 Rf7 17. Be3 a5 18. Rbd1 Na6 19. Qd2 Nb4 20. Bb1 Qf8 21. h4 f5 22. exf5 gxf5 23. Ng5 f4 24. Nxf7+ Qxf7 25. Bxf4 exf4 26. Nf5 Be5 27. Rxe5 dxe5 28. Nd6 Qf8 29. Nxb7 Rb8 30. Nxa5 bxa5 31. Qe2 Qd6 32. Re1 Rg8 33. Qh5 Qe7 34. f3 Qg7 35. Re2 h6 36. Qf5 Rf8 37. Qe6 Rf6 38. Qe8+ Rf8 39. Qe6 Rf7 40. Bf5 Qf8 41. Bh3 Qg7 42. Qe8+ Kh7 43. Bxd7 Rxd7 44. Rxe5 Nd3 45. Re6 Nxb2 46. h5 Nxc4 47. Rg6 Qf7 48. Qe4 Nd6 49. Rxd6+ Kg7 50. Qe5+ Kg8 51. Rg6+ Kh7 52. d6 c4 53. Re6 c3 54. Re7 Rxe7 55. dxe7 c2 56. e8=Q c1=Q+ 57. Kh2 Qxe8 58. Qxe8 Qc4 59. Qg6+ Kh8 60. Qxh6+ Kg8 61. Qg6+ Kf8 62. h6 Qd4 63. h7 Qh8 64. Kh3 Qe5 65. Qg8+ Ke7 66. h8=Q Qf5+ 67. Qg4 Kd6 68. Qxf5 Kc6 69. Qh6+ Kc7 70. Qf7+ Kc8 71. Qh8# 1-0


[Site "https://www.chess.com"]

[Event "Titled Tuesday Blitz November 07 Late 2023"]
[White "ArtemDyachuk"]
[Black "Rasulov, Vugar"]
[BlackFideId "13402390"]
[WhiteElo "2631"]
[BlackElo "2949"]
[Result "0-1"]
[Round "8"]
[TimeControl "180+1"]
[Date "2023.11.07"]
[WhiteClock "0:00:04"]
[BlackClock "0:00:19"]
[Board "18"]

1. e4 e5 2. Nf3 Nc6 3. Bc4 Nf6 4. d3 Be7 5. O-O O-O 6. c3 d6 7. h3 Kh8 8. Nbd2 Ng8 9. Re1 f5 10. exf5 Bxf5 11. Nf1 Nf6 12. Ng3 Bg6 13. d4 e4 14. Ng5 d5 15. Ne6 Qd7 16. Nxf8 Rxf8 17. Bf1 Bd6 18. Be3 Ne7 19. Qd2 c6 20. Bf4 Ne8 21. Bxd6 Nxd6 22. b3 h6 23. c4 Kh7 24. cxd5 cxd5 25. Rac1 Nc6 26. Rc5 Qf7 27. Rec1 Qf6 28. Rxd5 Rd8 29. Qe3 Nf5 30. Rxf5 Bxf5 31. Nxf5 Qxf5 32. Rc5 Qg6 33. d5 Ne5 34. Kh1 b6 35. Rc7 Rxd5 36. Re7 Nd3 37. Kg1 Nc5 38. b4 Ne6 39. Bc4 Rd1+ 40. Kh2 Ng5 41. Qf4 Nf3+ 42. Qxf3 exf3 43. g4 Qd6+ 44. Re5 Qxe5# 0-1


[Site "https://www.chess.com"]

[Event "Titled Tuesday Blitz November 07 Late 2023"]
[White "Yeletsky, Ivan"]
[Black "Golubev, Mikhail"]
[WhiteFideId "24180327"]
[BlackFideId "14100983"]
[WhiteElo "2930"]
[BlackElo "2651"]
[Result "1/2-1/2"]
[Round "8"]
[TimeControl "180+1"]
[Date "2023.11.07"]
[WhiteClock "0:00:07"]
[BlackClock "0:00:08"]
[Board "19"]

1. e4 c5 2. Nc3 d6 3. d4 cxd4 4. Qxd4 Nc6 5. Qd2 g6 6. b3 Bh6 7. f4 e5 8. Nb5 Bxf4 9. Qxd6 Qxd6 10. Nxd6+ Kf8 11. Ba3 Kg7 12. Ne8+ Kh6 13. Bf8+ Kh5 14. Be2+ Bg4 15. Ng7+ Kg5 16. Ne8 Rxe8 17. Bg7 Nd4 18. Bxg4 Kxg4 19. Kf2 Ne7 20. c3 Be3+ 21. Kxe3 Nc2+ 22. Kf2 Nxa1 23. Nf3 Nc2 24. Bxe5 g5 25. h4 Ng6 26. Bxh8 Rxh8 27. hxg5 Na3 28. Rd1 Kf4 29. Rd7 Kxe4 30. Rxf7 Kd3 31. Rxb7 Kxc3 32. Rxa7 Kb2 33. Rb7 Kxa2 34. b4 Kb3 35. b5 Kb4 36. b6 Kc5 37. Ra7 Nb5 38. Rg7 Kxb6 39. Kg3 Nd6 40. Rd7 Nf5+ 41. Kg4 Ne3+ 42. Kg3 Nf5+ 43. Kg4 Ne3+ 44. Kg3 Nc4 45. Rf7 Nce5 46. Rf6+ Kc5 47. Rf5 Kd5 48. Rf6 Ke4 49. Re6 Kf5 50. Rf6+ Ke4 51. Re6 Kd5 52. Rf6 Nxf3 53. gxf3 Ke5 54. f4+ Ke4 55. f5 Ne5 56. g6 hxg6 57. fxg6 Rg8 58. Ra6 Nxg6 59. Ra4+ Kf5 60. Kf3 Ne5+ 61. Ke3 Rg3+ 62. Ke2 Rh3 63. Rb4 Rc3 64. Ra4 Rb3 65. Kf2 Ng6 66. Ke2 Nf4+ 67. Kd2 Kg4 68. Rc4 Rf3 69. Ra4 Kg3 70. Kc2 Kf2 71. Kd2 Rd3+ 72. Kc2 Rf3 73. Kd2 Ne6 74. Ra8 Nc5 75. Rc8 Nb3+ 76. Kc2 Nd4+ 77. Kd2 Nb3+ 78. Kc2 Nd4+ 79. Kd2 Nf5 80. Rd8 Ne3 81. Rd7 Nf1+ 82. Kc2 Ne3+ 83. Kd2 Nc4+ 84. Kc2 Ke2 85. Re7+ Ne3+ 86. Kc3 Rf4 87. Re8 Rc4+ 88. Kb3 Rd4 89. Rc8 Rd7 90. Re8 Rc7 91. Kb4 Kd3 92. Kb5 Nd5 93. Rh8 Kd4 94. Rh4+ Ke5 95. Rh5+ Ke6 96. Rh6+ Nf6 97. Rh1 Rd7 98. Re1+ Kd6 99. Rd1+ Nd5 100. Kc4 Rc7+ 101. Kd4 Ra7 102. Rh1 Ra4+ 103. Kd3 Ra3+ 104. Kd4 Ra4+ 105. Kd3 Nf4+ 106. Ke3 Ke5 107. Kf3 Ra3+ 108. Kg4 Nd5 1/2-1/2


[Site "https://www.chess.com"]

[Event "Titled Tuesday Blitz November 07 Late 2023"]
[White "Sturt, Raven"]
[Black "Grigoriants, Sergey"]
[WhiteFideId "2007304"]
[BlackFideId "4130804"]
[WhiteElo "2612"]
[BlackElo "2907"]
[Result "0-1"]
[Round "8"]
[TimeControl "180+1"]
[Date "2023.11.07"]
[WhiteClock "0:00:00"]
[BlackClock "0:00:08"]
[Board "20"]

1. f4 d5 2. Nf3 c5 3. e3 Nf6 4. b3 g6 5. Bb2 Bg7 6. Be2 O-O 7. O-O Nc6 8. Na3 b6 9. Ne5 Bb7 10. Bf3 Rc8 11. Qe2 e6 12. c4 Qe7 13. d3 Rfd8 14. Nc2 Ba8 15. Rf2 a6 16. Raf1 b5 17. Na3 Rb8 18. Ba1 Rdc8 19. g3 Nb4 20. Bg2 Ne8 21. h4 h5 22. Bf3 Nd6 23. g4 dxc4 24. bxc4 Bxf3 25. Qxf3 hxg4 26. Qxg4 Nf5 27. Rf3 Qxh4 28. Qg2 Qd8 29. Qe2 Qa5 30. Bb2 Nxa2 31. Nd7 Nc3 32. Bxc3 Qxc3 33. Nxb8 Qxa3 34. Nd7 Rd8 35. Ne5 Bxe5 36. fxe5 Qxd3 37. Qxd3 Rxd3 38. Ra1 bxc4 39. Rxa6 Rxe3 40. Rxe3 Nxe3 41. Rc6 c3 42. Rxc5 c2 43. Kf2 Ng4+ 44. Kg3 Nxe5 45. Rxc2 Kg7 46. Kf4 Kf6 47. Ke4 Nd7 48. Rc7 Ke7 49. Ra7 g5 50. Ra5 f5+ 51. Kf3 Kf6 52. Ra7 Ne5+ 53. Kg3 f4+ 54. Kh3 Kf5 55. Ra8 Ng6 56. Ra5+ e5 57. Kg2 g4 58. Kf2 Nh4 59. Ra8 g3+ 60. Ke2 Ke4 61. Ra4+ Kf5 62. Ra8 Kg4 63. Re8 Nf3 64. Re7 g2 65. Rg7+ Ng5 66. Kf2 f3 67. Rg8 e4 68. Rg7 Kf4 69. Rf7+ Nxf7 0-1


[Site "https://www.chess.com"]

[Event "Titled Tuesday Blitz November 07 Late 2023"]
[White "Zhigalko, Sergei"]
[Black "Roberson, Peter T"]
[WhiteFideId "13502956"]
[BlackFideId "412384"]
[WhiteElo "2905"]
[BlackElo "2606"]
[Result "1-0"]
[Round "8"]
[TimeControl "180+1"]
[Date "2023.11.07"]
[WhiteClock "0:00:04"]
[BlackClock "0:00:00"]
[Board "21"]

1. e4 c5 2. Nf3 d6 3. d4 cxd4 4. Qxd4 Nf6 5. Nc3 Nc6 6. Bb5 Bd7 7. Bxc6 Bxc6 8. Bg5 e6 9. O-O-O Be7 10. Rhe1 O-O 11. Kb1 Qc7 12. Qd2 b5 13. Nd4 b4 14. Ncb5 Qb6 15. Nxc6 Qxc6 16. Nxd6 Rfd8 17. e5 Nd5 18. Bxe7 Nxe7 19. Qxb4 Qxg2 20. Qf4 Qg6 21. Rg1 Qh5 22. Rd3 Nd5 23. Qg3 g6 24. c4 Ne7 25. Qf3 Qxf3 26. Rxf3 Nc6 27. Nxf7 Rf8 28. Nh6+ Kg7 29. Rxf8 Rxf8 30. Ng4 h5 31. Nf6 Nxe5 32. Nxh5+ Kh6 33. Ng3 Rxf2 34. c5 Nd3 35. Rd1 Nxb2 36. Rc1 Nd3 37. Rc4 Rb2+ 38. Ka1 Rxh2 39. a3 Rh3 40. Ne4 Nxc5 41. Nxc5 Rxa3+ 42. Kb2 Rf3 43. Nxe6 g5 44. Rc6 Kh5 45. Nd4 Rf4 46. Kc3 g4 47. Ne2 Rf3+ 48. Kd2 g3 49. Rc8 Kg4 50. Rg8+ Kh3 51. Ng1+ Kg2 52. Nxf3 Kxf3 53. Rf8+ Kg2 54. Ke2 a5 55. Ra8 Kh2 56. Kf3 g2 57. Rh8+ Kg1 58. Rg8 1-0


[Site "https://www.chess.com"]

[Event "Titled Tuesday Blitz November 07 Late 2023"]
[White "Koziorowicz, Michal"]
[Black "Rustemov, Alexander"]
[WhiteFideId "21809194"]
[BlackFideId "4119002"]
[WhiteElo "2596"]
[BlackElo "2811"]
[Result "0-1"]
[Round "8"]
[TimeControl "180+1"]
[Date "2023.11.07"]
[WhiteClock "0:00:13"]
[BlackClock "0:00:44"]
[Board "22"]

1. e4 e6 2. d4 d5 3. Nc3 dxe4 4. Nxe4 Bd7 5. Bd3 Bc6 6. Nf3 Nd7 7. O-O Ngf6 8. Ned2 Be7 9. c3 O-O 10. Re1 b6 11. Nf1 Bb7 12. Ng3 c5 13. Be3 Qc7 14. Qd2 Bxf3 15. gxf3 cxd4 16. Bxd4 Bc5 17. Bxf6 Nxf6 18. Ne4 Nd5 19. Qg5 Be7 20. Qh5 g6 21. Qh3 Nf4 22. Qg3 Rad8 23. Bf1 Kg7 24. h3 h6 25. c4 g5 26. Rac1 f5 27. Nc3 Rd2 28. Rcd1 Rfd8 29. h4 Bc5 30. Rxd2 Rxd2 31. Re3 Kg6 32. hxg5 hxg5 33. b4 Bxb4 34. Ne2 Nxe2+ 35. Bxe2 Qxg3+ 36. fxg3 Bc5 0-1


[Site "https://www.chess.com"]

[Event "Titled Tuesday Blitz November 07 Late 2023"]
[White "Ghasi, Ameet K"]
[Black "Santos Flores, Alberto"]
[WhiteFideId "409200"]
[BlackFideId "3601234"]
[WhiteElo "2810"]
[BlackElo "2555"]
[Result "1-0"]
[Round "8"]
[TimeControl "180+1"]
[Date "2023.11.07"]
[WhiteClock "0:01:19"]
[BlackClock "0:00:19"]
[Board "23"]

1. g3 d5 2. Bg2 Nf6 3. d3 Bf5 4. h3 c6 5. b3 e6 6. Bb2 Nbd7 7. Nd2 h6 8. e4 dxe4 9. dxe4 Bh7 10. Qe2 Bc5 11. e5 Nd5 12. Be4 Bxe4 13. Nxe4 Bb4+ 14. c3 Be7 15. c4 Nb4 16. a3 Na6 17. b4 Qc7 18. Nf3 c5 19. b5 Nab8 20. Nd6+ Bxd6 21. exd6 Qxd6 22. Bxg7 Rh7 23. Rd1 Qe7 24. Bc3 Nf6 25. Bxf6 Qxf6 26. Qe4 Nd7 27. Rxd7 Kxd7 28. Qxb7+ Ke8 29. Qxa8+ Ke7 30. O-O Rg7 31. Qxa7+ Kf8 32. Qb8+ Ke7 33. Qb7+ Kf8 34. Rd1 Kg8 35. a4 h5 36. h4 Rg4 37. a5 Rxc4 38. a6 Ra4 39. a7 Rxa7 40. Qxa7 Qxf3 41. Qb8+ Kh7 42. Re1 c4 43. Qf4 1-0


[Site "https://www.chess.com"]

[Event "Titled Tuesday Blitz November 07 Late 2023"]
[White "BardArtem"]
[Black "Tikhonov, Viacheslav"]
[BlackFideId "44196407"]
[WhiteElo "2775"]
[BlackElo "2555"]
[Result "1-0"]
[Round "8"]
[TimeControl "180+1"]
[Date "2023.11.07"]
[WhiteClock "0:00:05"]
[BlackClock "0:00:00"]
[Board "24"]

1. e4 c5 2. c3 Nc6 3. d4 cxd4 4. cxd4 d5 5. exd5 Qxd5 6. Nf3 e5 7. Nc3 Bb4 8. Bd2 Bxc3 9. Bxc3 e4 10. Ne5 Nxe5 11. dxe5 Ne7 12. Qa4+ Bd7 13. Qb4 Bc6 14. Bc4 Qd7 15. Rd1 Qg4 16. O-O a5 17. Qc5 O-O 18. h3 Qg5 19. Qe3 Qg6 20. Rfe1 b5 21. Bf1 b4 22. Bd4 Rfd8 23. Bb6 Rxd1 24. Rxd1 Nf5 25. Qf4 h6 26. g4 Nh4 27. Rd6 Nf3+ 28. Kh1 f6 29. Rxc6 Qe8 30. Bc4+ Kh8 31. Bd5 Rd8 32. Qxe4 Ng5 33. Qc4 Qxe5 34. Bxd8 Qe1+ 35. Kg2 Qe5 36. Rc8 Kh7 37. Qd3+ g6 38. Rc7+ Kh8 39. Rc8 Kh7 40. Bc6 Nf7 41. Qd7 Kg7 42. Rc7 1-0


[Site "https://www.chess.com"]

[Event "Titled Tuesday Blitz November 07 Late 2023"]
[White "Krzyzanowski, Marcin"]
[Black "Oglaza, Oskar"]
[WhiteFideId "1132199"]
[BlackFideId "1194402"]
[WhiteElo "2771"]
[BlackElo "2545"]
[Result "0-1"]
[Round "8"]
[TimeControl "180+1"]
[Date "2023.11.07"]
[WhiteClock "0:00:00"]
[BlackClock "0:00:13"]
[Board "25"]

1. e4 c5 2. Nf3 d6 3. d4 cxd4 4. Nxd4 Nf6 5. Nc3 a6 6. Bd3 b5 7. a4 b4 8. Nd5 e6 9. Nxf6+ Qxf6 10. O-O Be7 11. a5 O-O 12. Be3 Bb7 13. Qd2 d5 14. exd5 Bxd5 15. Ne2 Nc6 16. Nf4 Ne5 17. Nxd5 exd5 18. Bd4 Bd6 19. Rae1 Rfe8 20. c3 Qh4 21. Bxe5 Rxe5 22. Rxe5 Bxe5 23. f4 Bd6 24. cxb4 Qe7 25. b5 Bb4 26. Qe2 axb5 27. Qxe7 Bxe7 28. Ra1 b4 29. a6 Bc5+ 30. Kf1 Kf8 31. Rc1 Bb6 32. Rc6 Bd4 33. b3 Ke7 34. Rc7+ Ke6 35. g4 g6 36. Ke2 h5 37. h3 hxg4 38. hxg4 Rh8 39. f5+ gxf5 40. Bxf5+ Kf6 41. Kf3 Rh3+ 42. Kg2 Rxb3 43. Rd7 Ra3 44. Rxd5 Be5 45. Bd3 b3 46. Rb5 b2 47. g5+ Ke6 48. Bc4+ Kf5 49. Bxf7 Rxa6 50. g6 Kf6 51. Kf3 Ra1 52. Ke4 b1=Q+ 0-1


[Site "https://www.chess.com"]

[Event "Titled Tuesday Blitz November 07 Late 2023"]
[White "Kochiev, Ivan"]
[Black "Korchmar, Vasiliy"]
[WhiteFideId "2917890"]
[BlackFideId "24131750"]
[WhiteElo "2535"]
[BlackElo "2763"]
[Result "0-1"]
[Round "8"]
[TimeControl "180+1"]
[Date "2023.11.07"]
[WhiteClock "0:00:00"]
[BlackClock "0:00:47"]
[Board "26"]

1. e4 c5 2. Nf3 d6 3. d4 cxd4 4. Nxd4 Nf6 5. f3 e5 6. Nb3 Be6 7. c4 Nbd7 8. Nc3 Rc8 9. Nd5 b5 10. Nxf6+ Nxf6 11. cxb5 d5 12. exd5 Nxd5 13. Bd2 Nb4 14. Bxb4 Bxb4+ 15. Kf2 Qb6+ 16. Kg3 O-O 17. h3 Rfd8 18. Qe2 Bc4 19. Qe4 Qxb5 20. Kh2 a5 21. Rc1 Bxf1 22. Rhxf1 a4 23. Na1 Bd2 24. Rxc8 Rxc8 25. Rd1 Qxb2 26. Qxa4 h5 27. Qb3 Bf4+ 28. Kh1 Qf2 29. Qd3 Qg3 30. Kg1 Rc6 31. Qf5 g6 32. Qd3 Kg7 33. Nc2 Rb6 34. a4 Rb2 35. Qc3 Qh2+ 36. Kf2 Qg3+ 37. Kf1 Ra2 0-1


[Site "https://www.chess.com"]